 Dungeon Crawl Stone Soup version 0.13.0-9-gbc74161 (webtiles) character file.

73 Bloax the Skirmisher (level 2, -5/19 HPs)
             Began as a Gargoyle Berserker on Oct 18, 2013.
             Was a Follower of Trog.
             Slain by Sigmund
             ... wielding a +2,+0 scythe
              (6 damage)
             ... on Level 3 of the Dungeon.
             The game lasted 00:01:48 (355 turns).

Bloax the Skirmisher (Gargoyle Berserker)            Turns: 355, Time: 00:01:48

HP  -5/19        AC  9     Str 20      XL: 2   Next: 70%
MP   1/1         EV 10     Int  7      God: Trog [*.....]
Gold 55          SH  0     Dex  9      Spells:  0 memorised,  1 level left

Res.Fire  : . . .   See Invis. : .   e - +2,+3 short sword (venom)
Res.Cold  : . . .   Warding    : .   i - +0 ring mail
Life Prot.: + + .   Conserve   : .   (no shield)
Res.Poison: +       Res.Corr.  : .   (no helmet)
Res.Elec. : +       Clarity    : .   (no cloak)
Sust.Abil.: . .     Spirit.Shd : .   l - +0 pair of gauntlets (curse)
Res.Mut.  : .       Stasis     : .   (no boots)
Res.Rott. : +       Flight     : .   (no amulet)
Saprovore : . . .                    (no ring)
                                     j - ring of positive energy {sustab, unknown}

@: slowed, very slow, not resistant to hostile enchantments, extremely
unstealthy
A: fangs 1, talons 2, life protection 1, electricity resistance, slow metabolism
1, unbreathing, petrification resistance, AC +2
a: Burn Spellbooks, Berserk, Renounce Religion


You were on level 3 of the Dungeon.
You worshipped Trog.
Trog was aware of your devotion.
You were not hungry.

You visited 1 branch of the dungeon, and saw 3 of its levels.

You collected 35 gold pieces.


Innate Abilities, Weirdness & Mutations

You are resistant to torment.
You are immune to poison.
Your stone body is very resilient (AC +2).
You have very sharp teeth.
You have razor-sharp toenails.
You resist negative energy.
You are resistant to electric shocks.
You have a slow metabolism.
You can survive without breathing.
You are immune to petrification.


   Skills:
 + Level 3.5 Fighting
 + Level 0.3 Short Blades
 - Level 3.0 Long Blades
 - Level 2.1 Armour
 + Level 1.9 Dodging


You had one spell level left.
You didn't know any spells.

Dungeon Overview and Level Annotations

Branches:
Dungeon (3/27)

Altars:

Annotations:
D:3 Sigmund

Inventory:

Hand weapons
 a - a +0,+0 falchion
 e - a +2,+3 short sword of venom (weapon)
   (You took it off a kobold on level 1 of the Dungeon)
Armour
 i - a +0 ring mail (worn)
   (You found it on level 3 of the Dungeon)
 l - a cursed +0 pair of gauntlets (worn)
   (You found it on level 3 of the Dungeon)
Magical devices
 k - a wand of fire (5) {unknown}
   (You found it on level 3 of the Dungeon)
Comestibles
 c - a bread ration
Scrolls
 d - a scroll of noise {unknown}
 h - a scroll of remove curse {unknown}
 m - 2 scrolls of identify {unknown}
Jewellery
 j - a ring of positive energy (left hand) {sustab, unknown}
   (You found it on level 3 of the Dungeon)

..........####.#
###.....## #
#####.# #.#
##'## ##...##
##.....##
##.......##
#..@......#
+[.......?+
#.{.......#
##...)...##
##.....##
##...## ##+##


There were no monsters in sight!


Message History

Wear which item? (? for menu, Esc to quit)
You finish putting on your cursed +0 pair of gauntlets.
Oops, that feels deathly cold.
You enter a teleport trap!
Your surroundings suddenly seem different.
A jackal comes into view.
The jackal bites you.
Found 16 gold pieces.
You barely miss the jackal.
The jackal bites you but does no damage.
You barely miss the jackal. The jackal closely misses you.
The jackal closely misses you.
You completely miss the jackal. The jackal barely misses you.
You hit the jackal.
The jackal is poisoned.
The jackal is heavily wounded.
The jackal bites you but does no damage.
The jackal closely misses you.
You hit the jackal but do no damage.
The jackal looks even sicker.
You claw the jackal.
You kill the jackal!
Trog accepts your kill.
A jackal comes into view.
The jackal barks!
You see here a jackal corpse.
The jackal bites you. The jackal closely misses you.
Found a scroll labeled FRUSAM SYUWN.
You closely miss the jackal.
The jackal bites you but does no damage.
You closely miss the jackal.
The jackal bites you but does no damage.
You hit the jackal.
The jackal is moderately wounded.
The jackal bites you but does no damage.
You hit the jackal.
The jackal is poisoned.
The jackal is almost dead.
You hear the slow rusting of a drain, a long way away.
You kill the jackal!
Trog accepts your kill.
You now have 55 gold pieces (gained 16).
m - a scroll labeled FRUSAM SYUWN You open the door.
Found 2 scrolls labeled FRUSAM SYUWN, a chain mail and an elven trident.
There is an open door here.
Sigmund comes into view.
He is wielding a scythe.
Sigmund shouts!
Sigmund casts a spell.
Sigmund flickers and vanishes!
Deactivating autopickup; reactivate with Ctrl-A.
Unknown command.
You see here a scroll labeled FRUSAM SYUWN.
Unknown command.
m - 2 scrolls labeled FRUSAM SYUWN (gained 1)
The magic dart hits you!
Unknown command.
Unknown command.
Drink which item? (? for menu, Esc to quit)
You feel yourself slow down.
It was a potion of slowing.
It hits you.
* * * LOW HITPOINT WARNING * * *
Unknown command.
Drink which item? (? for menu, Esc to quit)
Magic courses through your body.
It was a potion of magic.
The magic dart hits you!
* * * LOW HITPOINT WARNING * * *
Unknown command.
Read which item? (? for menu, Esc to quit)
As you read the scroll labeled STUHO MYTIMMUS, it crumbles to dust.
Your uncursed short sword of venom glows red for a moment.
It was a scroll of enchant weapon II.
It hits you.
You die...

Action                   || total
-------------------------++-------
Melee: Falchion          ||    14
       Short sword       ||    12
  Use: Potion            ||     2
       Scroll            ||     1

Vault maps used:
D:1:      dpeg_entry_rooms_with_view
D:2:      xom_obstacle_run
D:3:      portal_sewer_entry_a, uniq_sigmund, uniq_jessica

Notes
Turn   | Place    | Note
--------------------------------------------------------------
     0 | D:1      | Bloax, the Gargoyle Berserker, began the quest for the Orb.
     0 | D:1      | Reached XP level 1. HP: 14/14 MP: 0/0
    93 | D:1      | Reached XP level 2. HP: 14/19 MP: 1/1
   113 | D:2      | Reached skill level 3 in Long Blades
   348 | D:3      | Noticed Sigmund
   354 | D:3      | HP: 1/19 [it/magic dart (7)]
   355 | D:3      | Slain by Sigmund

Vanquished Creatures
  An adder (D:2)
  A giant cockroach (D:1)
  A goblin (D:1)
  A hobgoblin (D:1)
  2 jackals (D:3)
  2 kobolds
  A giant newt (D:1)
  2 rats
11 creatures vanquished.
